 Dungeon Crawl Stone Soup version 0.28-a0-793-g31680bbd8b (webtiles) character file.

Game seed: 11092521400369325022

288 horus123 the Cleaver (level 6, 0/51 HPs)
             Began as a Hill Orc Fighter on Nov 5, 2021.
             Was an Initiate of Beogh.
             Slain by an orc warrior (21 damage)
             ... on level 4 of the Dungeon.
             The game lasted 00:04:27 (3475 turns).

horus123 the Cleaver (Hill Orc Fighter)             Turns: 3475, Time: 00:04:27

Health: 0/51       AC:  9    Str: 21    XL:     6   Next: 31%
Magic:  6/6        EV:  7    Int:  8    God:    Beogh [......]
Gold:   83         SH:  4    Dex: 10    Spells: 5/5 levels left

rFire   . . .      SeeInvis .   a - +1 war axe
rCold   . . .      Faith    .   c - +0 buckler
rNeg    . . .      Spirit   .   f - +0 chain mail
rPois   .          Reflect  .   (no helmet)
rElec   .          Harm     .   (no cloak)
rCorr   .          Rampage  .   (no gloves)
Will    .....                   (no boots)
Stlth   ..........              (no amulet)
HPRegen 0.17/turn               e - ring of flight
MPRegen 0.10/turn               (no ring)

@: mighty, flying
A: no striking features
a: Renounce Religion


You were on level 4 of the Dungeon.
You worshipped Beogh.
Beogh was noncommittal.
You visited 1 branch of the dungeon, and saw 4 of its levels.

You collected 83 gold pieces.

Inventory:

Hand Weapons
 a - a +1 war axe (weapon)
Armour
 b - a +0 scale mail
 c - a +0 buckler (worn)
 f - a +0 chain mail (worn)
 l - a +0 helmet
Jewellery
 e - a ring of flight (left hand)
 i - a ring of fire
Scrolls
 n - a scroll of holy word {unknown}
 o - a scroll of teleportation
Potions
 d - 2 potions of might
 g - 2 potions of lignification {unknown}
 h - a potion of curing {unknown}
 j - a potion of heal wounds {unknown}
 k - a potion of degeneration {unknown}
 m - a potion of invisibility {unknown}


   Skills:
 - Level 3.6 Fighting
 + Level 8.5 Axes
 - Level 3.2 Armour
 - Level 3.2 Shields


You had 5 spell levels left.
You didn't know any spells.
Your spell library contained the following spells:

 Spells                   Type           Power      Damage    Failure   Level
 Apportation              Tloc           0%         N/A       99%         1
 Blink                    Tloc           0%         N/A       100%        2
 Lesser Beckoning         Tloc           0%         N/A       100%        3
 Alistair's Intoxication  Tmut/Pois      0%         N/A       100%        5
 Manifold Assault         Tloc           0%         N/A       100%        5
 Invisibility             Hex            0%         N/A       100%        6


Dungeon Overview and Level Annotations

Branches:
Dungeon (4/15)
 Temple: D:4-7

Altars:

Shops:
D:3 *


Message History

You now have 71 gold pieces (gained 7).
You see here a +0 club.
You see here a hound corpse.
You now have 83 gold pieces (gained 12).
Done exploring.
Done exploring.
(D) Dungeon
Where to? (Enter - D:3, ? - help)
What level of the Dungeon? (default 1, ? - help)
You see here a +0 club.
There is a stone staircase leading down here.
You fly downwards.
The orc wizard shouts!
The orc priest shouts!
The endoplasm quivers.
You block the orc priest's attack.
There is a stone staircase leading up here.
You hit the orc priest.
The orc priest is lightly wounded.
The orc priest hits you but does no damage.
You feel very mighty all of a sudden.
The orc priest mumbles some strange prayers to Beogh against you.
Pain shoots through your body!
The orc warrior hits you with a +0 battleaxe!
You block the endoplasm's attack.
You hit the orc warrior.
The orc warrior is lightly wounded.
You slash the endoplasm!
You kill the endoplasm!
Beogh accepts your kill.
You closely miss the orc priest. You hit the orc wizard.
The orc priest hits you but does no damage.
The orc warrior hits you with a +0 battleaxe.
The orc wizard points at you and mumbles some strange words.
You resist with some effort.
You barely miss the orc warrior.
The orc warrior is lightly wounded.
You slash the orc priest! You hit the orc wizard.
The orc priest barely misses you.
The orc warrior hits you with a +0 battleaxe!!
You die...

##########
.......@o#
.......oo.#
.#######.....
#.#### .# .#
#


You could see an orc warrior, an orc priest and an orc wizard.

Vanquished Creatures
  Edmund (D:4)
  A hound (D:3)
  5 adders
  4 gnolls (D:3)
  2 dart slugs (D:1)
  A worm (D:2)
  9 ball pythons
  5 endoplasms
  5 goblins
  5 hobgoblins
  3 jackals (D:1)
  4 kobolds
  3 quokkas
  3 bats
  2 frilled lizards (D:1)
  4 rats
57 creatures vanquished.

Vanquished Creatures (others)
  2 plants (D:2)
2 creatures vanquished.

Grand Total: 59 creatures vanquished

Notes
Turn   | Place    | Note
-------+----------+-------------------------------------------
     0 | D:1      | horus123 the Hill Orc Fighter began the quest for the Orb.
     0 | D:1      | Reached XP level 1. HP: 19/19 MP: 1/1
    76 | D:1      | Reached skill level 3 in Axes
   318 | D:1      | Reached XP level 2. HP: 26/26 MP: 2/2
   494 | D:1      | Reached skill level 4 in Axes
   552 | D:1      | Found a faded altar of an unknown god.
   704 | D:1      | Reached XP level 3. HP: 20/31 MP: 3/3
  1211 | D:2      | Reached skill level 5 in Axes
  1513 | D:2      | Reached XP level 4. HP: 39/39 MP: 4/4
  1885 | D:2      | You are sucked into a shaft and drop 2 floors!
  1885 | D:4      | Noticed Edmund
  1896 | D:4      | Killed Edmund
  1897 | D:4      | Reached skill level 7 in Axes
  1897 | D:4      | Reached XP level 5. HP: 6/45 MP: 5/5
  2176 | D:4      | Noticed a phantom
  2206 | D:3      | Found Mozit's General Store.
  2933 | D:3      | Reached skill level 8 in Axes
  2933 | D:3      | Reached XP level 6. HP: 51/51 MP: 6/6
  3223 | D:3      | Became a worshipper of Beogh the Brigand
  3471 | D:4      | Noticed an orc warrior
  3475 | D:4      | Slain by an orc warrior

Illustrated notes

Levels and vault maps discovered:
D:1:      ncdulo_lavacross, layout_basic, dreamdust_ecumenical_altar_statues,
          minmay_liquid_box
D:2:      cheibrodos_old_hovel, layout_loops_corners, minmay_pentomino_p2
D:3:      layout_basic, serial_shops, nicolae_diamond_shop,
          supply_closet_lemuel, small_statue_alley_b
D:4:      layout_loops_ring, uniq_edmund

Skill      XL: |  1  2  3  4  5 |
---------------+----------------+-----
Axes           | 3 4 5 7 8 |  8.5
Fighting       | |  3.6
Armour         | |  3.2
Shields        | |  3.2

Action                   |  1- 3 |  4- 6 || total
-------------------------+-------+-------++-------
Melee: War axe           |    86 |    80 ||   166
Invok: Convert to Beogh  |       |     1 ||     1
  Use: Scroll            |     1 |     4 ||     5
       Potion            |       |     2 ||     2
Armor: Chain mail        |    59 |    43 ||   102
Dodge: Dodged            |    36 |    26 ||    62
Block: Buckler           |    21 |    14 ||    35

Table legend: (Time is in decaauts)
 A = Elapsed time spent in this place.
 B = Non-inter-level travel time spent in this place.
 C = Inter-level travel time spent in this place.
 D = Time resting spent in this place.
 E = Time spent auto-exploring this place.
 F = Levels seen in this place.
 G = Mean time per level.
                   A        B        C        D        E       F      G
               +--------+--------+--------+--------+--------+-----+--------+
         Total |   3515 |   3390 |    125 |    255 |   2681 |   4 |  878.8 |
       Dungeon |   3515 |   3390 |    125 |    255 |   2681 |   4 |  878.8 |
               +--------+--------+--------+--------+--------+-----+--------+

Top non-repeatable levels by time:
     D:1: 1205 daAuts
     D:2: 1058 daAuts
     D:3: 949 daAuts
     D:4: 302 daAuts
